 Dungeon Crawl Stone Soup version 0.31-a0-844-gdc52ec4e09 (webtiles) character file.

Game seed: 1611630061856901008

1 Dritkant the Gusty (level 1, 13/13 HPs)
             Began as a Gnoll Air Elementalist on Sept 28, 2023.
             Quit the game on level 1 of the Dungeon.
             The game lasted 00:02:50 (77 turns).

Dritkant the Gusty (Gnoll Air Elementalist)           Turns: 77, Time: 00:02:50

Health: 13/13      AC:  2    Str:  7    XL:     1   Next: 20%
Magic:  5/6        EV: 13    Int: 14    God:
Gold:   0          SH:  0    Dex: 12    Spells: 8/9 levels left

rFire   . . .        (no weapon)
rCold   . . .        (no shield)
rNeg    . . .        a - +0 robe
rPois   .            (no helmet)
rElec   .            (no cloak)
rCorr   .            (no gloves)
SInv    .            (no boots)
Will    .....        (no amulet)
Stlth   ++           (no ring)
HPRegen 0.22/turn    (no ring)
MPRegen 0.10/turn

%: no passive effects
@: no status effects
A: fangs 1, strong nose, distributed training
a: no special abilities


You were on level 1 of the Dungeon.
You visited 1 branch of the dungeon, and saw 1 of its levels.

Inventory:

Armour
 a - a +0 robe (worn)
Talismans
 c - a flux talisman
Scrolls
 d - a scroll of vulnerability {unknown}
 e - a scroll of identify {unknown}
Potions
 b - a potion of magic


   Skills:
 + Level 0.0 Fighting
 + Level 0.0 Short Blades
 + Level 0.0 Long Blades
 + Level 0.0 Axes
 + Level 0.0 Maces & Flails
 + Level 0.0 Polearms
 + Level 0.0 Staves
 + Level 0.0 Ranged Weapons
 + Level 0.0 Throwing
 + Level 0.0 Armour
 + Level 4.4 Dodging
 + Level 4.0 Stealth
 + Level 0.0 Shields
 + Level 0.0 Unarmed Combat
 + Level 4.8 Spellcasting
 + Level 1.9 Conjurations
 + Level 0.0 Hexes
 + Level 0.0 Summonings
 + Level 0.0 Necromancy
 + Level 0.0 Translocations
 + Level 0.0 Transmutations
 + Level 0.0 Fire Magic
 + Level 0.0 Ice Magic
 + Level 5.3 Air Magic
 + Level 0.0 Earth Magic
 + Level 0.0 Poison Magic
 + Level 0.0 Invocations
 + Level 0.0 Evocations
 + Level 0.0 Shapeshifting


You had 8 spell levels left.
You knew the following spells:

 Your Spells              Type           Power      Damage    Failure   Level
a - Shock                 Conj/Air       52%        1d6       4%          1

Your spell library contained the following spells:

 Spells                   Type           Power      Damage    Failure   Level
 Static Discharge         Conj/Air       26%        2-4/arc   6%          2
 Swiftness                Air            18%        N/A       6%          3
 Airstrike                Air            9%         2d(2-18)  21%         4


Dungeon Overview and Level Annotations

Branches:
Dungeon (1/15)

Altars:


Innate Abilities, Weirdness & Mutations

You have very sharp teeth.
Your uncanny sense of smell can sniff out nearby items.
Your experience applies equally to all skills.


Message History

Welcome, Dritkant the Gnoll Air Elementalist.
If you return without finding the Orb of Zot, so far below, it's all over!
Press ? for a list of commands and other information.
Found a flux talisman.
Found a staircase leading out of the dungeon.
Found 9 stones.
You see here a flux talisman.
c - a flux talisman Your magic is already full.
Found a scroll labelled AWNE PONOAR.
Found a scroll labelled HOSCHA DOLORPH.
d - a scroll labelled AWNE PONOAR
e - a scroll labelled HOSCHA DOLORPH You see here 9 stones.
You see here 9 stones.
A bat and a rat come into view.
Found a spear.
The bat closely misses you. The bat hits you but does no damage.
The bat attacks as it pursues you! The bat closely misses you.
Casting: Shock (safe; 4% risk of failure)
Confirm with . or Enter, or press ? or * to list all spells.
Aiming: Shock (safe; 4% risk of failure)
Press: ? - help, Shift-Dir - straight line, f - bat
Aim: a bat (52% to hit)
The zap hits the bat.
You kill the bat!
You see here 9 stones.
Are you sure you want to abandon this character and quit the game? (Confirm with "yes".)

########..#############
.....................# #.#
##.#####.#####.#####.#
#..###...###...###...###..#
#...#.....#.....#.....#...#
#....#####.......#####....#
#.....###....<....###.....#
##.....#...........#.....##
##.....#####@#####.....##
br#####.....###...###.....##
.)....##.....#.....#.....##
#.###....(#####.....##
#..........###.....##
#####.......#.....##
##.#.........##
#..........## ##########...#


There were no monsters in sight!

Vanquished Creatures
  A bat (D:1)
1 creature vanquished.

Notes
Turn   | Place    | Note
-------+----------+-------------------------------------------
     0 | D:1      | Dritkant the Gnoll Air Elementalist began the quest for the
                  | Orb.
     0 | D:1      | Reached XP level 1. HP: 13/13 MP: 6/6
    77 | D:1      | Quit the game

Illustrated notes

Levels and vault maps discovered:
D:1:      onia_arrival_pyramid, layout_basic, minmay_heptomino_o4

Action                     || total
---------------------------++-------
   Cast: Shock             ||     1
 Armour: Robe              ||     1
  Dodge: Dodged            ||     2

Table legend: (Time is in decaauts)
 A = Elapsed time spent in this place.
 B = Non-inter-level travel time spent in this place.
 C = Inter-level travel time spent in this place.
 D = Time resting spent in this place.
 E = Time spent auto-exploring this place.
 F = Levels seen in this place.
 G = Mean time per level.
                   A        B        C        D        E       F      G
               +--------+--------+--------+--------+--------+-----+--------+
         Total |     77 |     23 |     54 |      0 |     15 |   1 |   77.0 |
       Dungeon |     77 |     23 |     54 |      0 |     15 |   1 |   77.0 |
               +--------+--------+--------+--------+--------+-----+--------+

Top non-repeatable levels by time:
     D:1: 77 daAuts
